 Dungeon Crawl Stone Soup version 0.22.1-2-g9c5b331 (webtiles) character file.

45 seyes the Slasher (level 3, -3/28 HPs)
             Began as a Demonspawn Gladiator on Dec 28, 2018.
             Slain by Grinder (7 damage)
             ... on level 3 of the Dungeon on Dec 31, 2018.
             The game lasted 00:09:31 (1905 turns).

seyes the Slasher (Demonspawn Gladiator)            Turns: 1905, Time: 00:09:31

Health: -3/28      AC:  3    Str: 14    XL:     3   Next: 42%
Magic:  3/3        EV: 12    Int:  9    God:
Gold:   124        SH:  3    Dex: 15    Spells: 2/2 levels left

rFire    . . .     SeeInvis .   a - +0 long sword
rCold    . . .     Gourm    .   w - +0 buckler
rNeg     . . .     Faith    .   b - +0 leather armour
rPois    .         Spirit   .   (helmet restricted)
rElec    .         Reflect  .   (no cloak)
rCorr    .         Harm     .   (no gloves)
MR       .....                  (no boots)
Stlth    ++........             (no amulet)
HPRegen  0.09/turn              v - ring of stealth
MPRegen  0.08/turn              (no ring)

@: no status effects
A: antennae 1
a: no special abilities


You were on level 3 of the Dungeon.
You were very hungry.

You visited 1 branch of the dungeon, and saw 3 of its levels.

You collected 124 gold pieces.

Inventory:

Hand Weapons
 a - a +0 long sword (weapon)
 x - a +0 hand crossbow
Missiles
 p - 55 arrows
 u - 17 stones (quivered)
Armour
 b - a +0 leather armour (worn)
 c - a +0 helmet
 w - a +0 buckler (worn)
Jewellery
 v - a ring of stealth (left hand)
Scrolls
 e - a scroll of remove curse {unknown}
 h - a scroll of random uselessness {unknown}
 l - 3 scrolls of fear
 m - 3 scrolls of enchant armour
 n - a scroll of magic mapping {unknown}
 o - a scroll of blinking {unknown}
 q - a scroll of fog {unknown}
 t - 2 scrolls of amnesia {unknown}
Potions
 i - a potion of invisibility
 k - a potion of magic {unknown}
 r - a potion of cancellation {unknown}
 s - a potion of haste {unknown}
Comestibles
 f - 3 rations


   Skills:
 + Level 2.5 Fighting
 + Level 3.3 Long Blades
 + Level 2.2 Throwing
 - Level 2.8 Dodging
 + Level 0.2 Shields


You had 2 spell levels left.
You didn't know any spells.
Your spell library was empty.

Dungeon Overview and Level Annotations

Branches:
Dungeon (3/15)

Altars:

Annotations:
D:3 Grinder


Innate Abilities, Weirdness & Mutations

You have a pair of small antennae on your head.


Message History

Grinder hits you.
* * * LOW HITPOINT WARNING * * *
You writhe in agony.
* * * LOW HITPOINT WARNING * * *
You slash Grinder!
Grinder is heavily wounded.
Grinder misses you.
You completely miss Grinder.
Grinder is moderately wounded.
Grinder blinks!
Grinder closely misses you.
You riposte.
You hit Grinder but do no damage.
Grinder is moderately wounded.
You hit Grinder.
Grinder is heavily wounded.
Grinder gestures at you.
You barely resist. You slash Grinder!
Grinder is severely wounded.
Grinder hits you!
You die...

#.....# #.....# #.....#
.# <# #.....# .##.#
#.....####.#5.#.
#.....#>........
########.....#.......
#............#.....#..
#.######.5@..#.....o..
#.#.รท.....#(##.....#
#.#.....#.#.##.#....5..
#.#.....#.#.##.#######.
#.........#.##.#
###.#######.##.#
#....<..#.##'##
#####)##.#.#...#
#........#.#...#


You could see Grinder.

Vanquished Creatures
  4 dart slugs
  A leopard gecko (D:2)
  An orc (D:3)
  A giant cockroach (D:2)
  4 hobgoblins
  7 jackals (D:1)
  2 bats
  4 frilled lizards
  3 goblins
  3 kobolds
  4 rats
34 creatures vanquished.

Notes
Turn   | Place    | Note
-------+----------+-------------------------------------------
     0 | D:1      | seyes the Demonspawn Gladiator began the quest for the Orb.
     0 | D:1      | Reached XP level 1. HP: 16/16 MP: 1/1
    29 | D:1      | Reached skill level 3 in Long Blades
   120 | D:1      | Gained mutation: You have a pair of small antennae on your
                  | head. [demonic ancestry]
   120 | D:1      | Reached XP level 2. HP: 14/22 MP: 2/2
   859 | D:2      | Reached XP level 3. HP: 28/28 MP: 3/3
  1743 | D:3      | Noticed Grinder
  1751 | D:3      | Paralysed by Grinder for 4 turns
  1905 | D:3      | Slain by Grinder

Skill      XL: |  1  2 |
---------------+-------+-----
Long Blades    | 3 |  3.3
Throwing       | 2 |  2.2
Fighting       | |  2.5
Dodging        | |  2.8
Shields        | |  0.2

Action                   || total
-------------------------++-------
Melee: Long sword        ||   109
Throw: Throwing net      ||     3
       Stone             ||     2
  Use: Scroll            ||     3
       Potion            ||     1
  Eat: Chunk             ||     2
Armor: Leather armour    ||    27
Dodge: Dodged            ||    67
Block: Buckler           ||     1
       Rpst.: Long sword ||    22
